 Dungeon Crawl Stone Soup version 0.16.0-18-g484a79e (webtiles) character file.

1611 McCoppin the Covert (level 8, -8/87 HPs)
             Began as an Octopode Fighter on Mar 22, 2015.
             Mangled by Erolcha
             ... wielding a +0 giant club
              (13 damage)
             ... on level 9 of the Dungeon on Mar 23, 2015.
             The game lasted 00:27:52 (4980 turns).

McCoppin the Covert (Octopode Fighter)              Turns: 4980, Time: 00:27:52

Health: -8/87      AC: 27    Str: 20    XL:     8   Next: 95%
Magic:  17/17      EV:  2    Int: 11    God:
Gold:   219        SH: 10    Dex: 13    Spells: 0 memorised, 7 levels left

rFire  . . .     SeeInvis .     a - +0 long sword
rCold  . . .     Clarity  .     r - +1 shield
rNeg   + + +     SustAb   .     (helmet currently unavailable)
rPois  +         Gourm    .     (no amulet)
rElec  .         Spirit   .     f - ring of magical power
rCorr  .         Warding  .     i - +3 ring of protection (curse)
rMut   .         NoTele   +     k - ring of flight
MR     .....                    (no ring)
Stlth  +++++++...               (no ring)
                                (no ring)
                                (no ring)
                                (no ring)

@: mighty, tree-form, not resistant to hostile enchantments, extremely stealthy
A: almost no armour, amphibious, 8 rings, (constrict 8), (camouflage 0),
(gelatinous body 0)
a: no special abilities


You were on level 9 of the Dungeon.
You were not hungry.
You were a tree.
You visited 2 branches of the dungeon, and saw 8 of its levels.

You collected 279 gold pieces.
You spent 60 gold pieces at shops.

Inventory:

Hand weapons
 a - a +0 long sword (weapon)
 b - a +0 dagger of protection
Missiles
 m - 6 curare-tipped needles
Armour
 r - a +1 shield (worn)
Jewellery
 f - a ring of magical power (left branch)
 i - a cursed +3 ring of protection (right branch)
 k - a ring of flight (on tentacle)
Magical devices
 u - a wand of fire (8)
Scrolls
 c - a scroll of remove curse
 o - a scroll of fog {unknown}
 p - 3 scrolls of identify
 s - a scroll of teleportation
Potions
 h - a potion of resistance
 j - 2 potions of lignification
 l - 2 potions of curing
 n - 2 potions of flight
 A - a potion of restore abilities
Comestibles
 d - 4 bread rations
 v - 2 meat rations


   Skills:
 + Level 6.4 Fighting
 + Level 6.1 Long Blades
 - Level 3.0 Dodging
 - Level 10.2 Stealth
 - Level 3.0 Shields


You had 7 spell levels left.
You didn't know any spells.

Dungeon Overview and Level Annotations

Branches:
Dungeon (9/15)             Temple (1/1) D:4
   Lair: D:8-11         Orc: D:9-12

Altars:
Ashenzari
Cheibriados
Elyvilon
Fedhas
Kikubaaqudgha
Makhleb
Okawaru
Ru
Sif Muna
Trog
Xom
Yredelemnul
Zin

Shops:
D:5 [?*

Annotations:
D:9 Erolcha


Innate Abilities, Weirdness & Mutations

You cannot wear most types of armour.
You are amphibious.
You can wear up to eight rings at the same time.
((You can use your tentacles to constrict many enemies at once.))
((Your skin changes colour to match your surroundings (Stealth).))
((Your rubbery body absorbs attacks (AC +1).))


Message History

Drink which item? (? for menu, Esc to quit)
You feel very mighty all of a sudden. Erolcha casts a spell at you.
The stone arrow hits you!
Found a stone staircase leading down.
You hit Erolcha.
Erolcha is lightly wounded.
Erolcha casts a spell at you. The bolt of lightning hits you!
Drink which item? (? for menu, Esc to quit)
You turn into a tree.
Your roots penetrate the ground.
Erolcha barely misses you.
You slash Erolcha!
Erolcha is moderately wounded.
Erolcha hits you with a giant club!!
* * * LOW HITPOINT WARNING * * *
You slash Erolcha!
Erolcha is heavily wounded.
Erolcha hits you with a giant club!
You die...

*.......###################
*$.$[......................
*.........#################
*.......#...# *,,,,*****
*,......###.## *,,,,*,,,,
*,.%...,* #..# *,,,,*,,,,
**.....** ##.# *,,,,*,5..
*.....#####.#######.**,...
*.......O♣..........,,,...
*........##.#######.,***#.
*****,....##.*#.#* *,****S.
****,,,,*###**#>*#..**** *,* *,.*
*,,,,,,,,,,***#.,....,,***,***,**
*,,,,,,,,,,,,,.#*##.##,,,,,,,,,*
*,,,,,,,,,,***.,,,,..,,,,,,,*****
****,,,,,,,,,*#****##,,,*,,,,,,,,
*********,,,,,**,,,,,,,,******


You could see Erolcha.

Vanquished Creatures
  Pikel (D:4)
  A hippogriff (D:9)
  Menkaure (D:5)
  2 ogres
  2 slaves (D:4)
  2 centaurs (D:5)
  Duvessa (D:5)
  A hound (D:5)
  Dowan (D:5)
  A centaur skeleton (D:3)
  3 orc priests
  3 orc wizards
  4 worker ants
  A worker ant zombie (D:5)
  Robin (D:2)
  4 adders
  A giant mite (D:5)
  2 worms
  4 giant geckos
  2 oozes
  18 orcs
  A bat skeleton (D:4)
  9 giant cockroaches
  21 goblins
  20 hobgoblins
  13 jackals
  14 kobolds
  5 quokkas
  A ball python (D:1)
  10 bats
  10 giant newts
  A quokka zombie (D:5)
  9 rats
170 creatures vanquished.

Vanquished Creatures (others)
  An orc (D:9)
1 creature vanquished.

Grand Total: 171 creatures vanquished

Notes
Turn   | Place    | Note
--------------------------------------------------------------
     0 | D:1      | McCoppin, the Octopode Fighter, began the quest for the Orb.
     0 | D:1      | Reached XP level 1. HP: 16/16 MP: 1/1
    11 | D:1      | Reached skill level 1 in Stealth
   141 | D:1      | Reached XP level 2. HP: 21/21 MP: 2/2
   446 | D:1      | Reached XP level 3. HP: 26/26 MP: 3/3
   495 | D:1      | Reached skill level 4 in Stealth
   765 | D:2      | Noticed Robin
   788 | D:2      | Killed Robin
   790 | D:2      | Reached skill level 5 in Stealth
   794 | D:2      | Reached XP level 4. HP: 20/31 MP: 4/4
   879 | D:2      | Found a blossoming altar of Fedhas.
  1522 | D:2      | Reached skill level 6 in Stealth
  1721 | D:3      | Found an iron altar of Okawaru.
  1797 | D:3      | Reached XP level 5. HP: 33/36 MP: 5/5
  2029 | D:3      | Reached skill level 7 in Stealth
  2534 | D:3      | Reached skill level 8 in Stealth
  2534 | D:3      | Reached XP level 6. HP: 36/42 MP: 6/6
  2723 | D:4      | Noticed Pikel
  2788 | D:4      | Found a glowing silver altar of Zin.
  2968 | D:5      | Entered Level 5 of the Dungeon
  2989 | D:5      | Found a white marble altar of Elyvilon.
  3080 | D:5      | Found Blinkaach's Assorted Antiques.
  3117 | D:5      | Reached skill level 9 in Stealth
  3209 | D:4      | Reached skill level 10 in Stealth
  3209 | D:4      | Reached XP level 7. HP: 33/46 MP: 7/7
  3326 | D:4      | Found a staircase to the Ecumenical Temple.
  3332 | Temple   | Entered the Ecumenical Temple
  3553 | D:4      | Noticed an angel
  3554 | D:4      | Found a shimmering altar of Xom.
  4144 | D:4      | Killed Pikel
  4144 | D:4      | Reached skill level 5 in Fighting
  4144 | D:4      | Reached XP level 8. HP: 50/55 MP: 8/8
  4302 | D:5      | Reached skill level 5 in Long Blades
  4428 | D:5      | Found Ekholaxza's Magic Scroll Shop.
  4432 | D:5      | Bought a scroll of identify for 30 gold pieces
  4432 | D:5      | Bought a scroll of identify for 30 gold pieces
  4456 | D:5      | Found Chaiteah's Antique Armour Boutique.
  4647 | D:5      | Noticed Menkaure
  4649 | D:5      | Killed Menkaure
  4705 | D:5      | Noticed Duvessa
  4714 | D:5      | Killed Duvessa
  4719 | D:5      | Found a deep blue altar of Sif Muna.
  4720 | D:5      | Noticed Dowan
  4728 | D:5      | Killed Dowan
  4920 | D:6      | You fall through a shaft for 3 floors!
  4962 | D:9      | Noticed Erolcha
  4979 | D:9      | HP: 4/87 [Erolcha/giant club (23)]
  4980 | D:9      | Mangled by Erolcha

Action                   |  1- 3 |  4- 6 |  7- 9 || total
-------------------------+-------+-------+-------++-------
Melee: Long sword        |    77 |   155 |   123 ||   355
       Dagger            |       |       |     1 ||     1
Evoke: Wand              |       |     3 |     4 ||     7
  Use: Potion            |       |     2 |     5 ||     7
       Scroll            |       |     9 |     3 ||    12
 Stab: Sleeping          |     9 |    11 |     1 ||    21
       Distracted        |       |     2 |     2 ||     4
  Eat: Chunk             |       |     7 |     4 ||    11
       Royal jelly       |       |       |     1 ||     1
